 Dungeon Crawl Stone Soup version 0.21.1-1-g345015f (webtiles) character file.

1151 inc the Magician (level 8, -7/46 HPs)
             Began as an Octopode Wizard on Apr 26, 2018.
             Mangled by an orc warrior
             ... wielding a +0 glaive
              (20 damage)
             ... on level 7 of the Dungeon.
             The game lasted 00:12:45 (7960 turns).

inc the Magician (Octopode Wizard)                  Turns: 7960, Time: 00:12:46

Health: -7/46      AC:  1    Str:  6    XL:     8   Next: 38%
Magic:  21/27      EV: 13    Int: 23    God:
Gold:   216        SH:  0    Dex: 10    Spells: 12/20 levels left

rFire    + . .     SeeInvis +   n - +0 rapier
rCold    . . .     Gourm    .   (no shield)
rNeg     + . .     Faith    .   a - +0 hat
rPois    .         Spirit   .   (no amulet)
rElec    .         Reflect  .   h - ring of magical power
rCorr    .         Harm     .   i - ring of positive energy
MR       .....                  w - ring of protection from fire
Stlth    +++.......             o - ring of see invisible
HPRegen  0.15/turn              (no ring)
MPRegen  0.20/turn              (no ring)
                                (no ring)
                                (no ring)

@: slowed, very slow
A: almost no armour, stealthy swim, amphibious, 8 rings, constrict 8, camouflage
1, gelatinous body 1
a: no special abilities


You were on level 7 of the Dungeon.
You were not hungry.

You visited 1 branch of the dungeon, and saw 7 of its levels.

You collected 216 gold pieces.

Inventory:

Hand Weapons
 n - a +0 rapier (weapon)
Armour
 a - a +0 hat (worn)
Jewellery
 h - a ring of magical power (left tentacle)
 i - a ring of positive energy (right tentacle)
 k - a -5 ring of strength
 o - a ring of see invisible (on tentacle)
 w - a ring of protection from fire (on tentacle)
Wands
 r - a wand of flame (13)
 y - a wand of iceblast (5)
Scrolls
 e - a scroll of teleportation
 g - 2 scrolls of immolation
 p - a scroll of enchant weapon {unknown}
 q - 5 scrolls of identify
 x - 3 scrolls of noise {unknown}
 z - a scroll of holy word {unknown}
 D - a scroll of remove curse
Potions
 d - 2 potions of resistance {unknown}
 f - 2 potions of heal wounds
 j - 2 potions of agility {unknown}
 l - 5 potions of curing {unknown}
 m - 2 potions of flight {unknown}
 s - 2 potions of magic {unknown}
 u - a potion of ambrosia {unknown}
 A - a potion of mutation {unknown}
 C - 2 potions of cancellation {unknown}
Books
 b - a book of Minor Magic

   Spells                             Type                      Level
   a - Magic Dart                     Conjuration                  1
   b - Blink                          Translocation                2
   c - Call Imp                       Summoning                    2
   d - Slow                           Hexes                        2
   e - Conjure Flame                  Conjuration/Fire             3
   f - Mephitic Cloud                 Conjuration/Poison/Air       3
 t - a book of Misfortune

   Spells                             Type                      Level
   a - Confusing Touch                Hexes                        1
   b - Confuse                        Hexes                        3
   c - Gell's Gravitas                Translocation                3
   d - Petrify                        Transmutation/Earth          4
   e - Metabolic Englaciation         Hexes/Ice                    5
   f - Yara's Violent Unravelling     Hexes/Transmutation          5
 v - a book of Necromancy

   Spells                             Type                      Level
   a - Pain                           Necromancy                   1
   b - Animate Skeleton               Necromancy                   1
   c - Vampiric Draining              Necromancy                   3
   d - Regeneration                   Charms/Necromancy            3
   e - Animate Dead                   Necromancy                   4
   f - Borgnjor's Vile Clutch         Necromancy/Earth             5
Comestibles
 c - 12 rations
 B - a chunk of flesh


   Skills:
 - Level 2.0 Dodging
 - Level 2.6 Stealth
 - Level 6.9 Spellcasting
 - Level 5.9 Conjurations
 - Level 1.0 Summonings
 + Level 3.2 Necromancy
 - Level 1.0 Translocations


You had 12 spell levels left.
You knew the following spells:

 Your Spells              Type           Power        Failure   Level  Hunger
a - Magic Dart            Conj           ####         1%          1    None
b - Blink                 Tloc           N/A          8%          2    None
c - Call Imp              Summ           ##......     8%          2    None
d - Vampiric Draining     Necr           ###.......   6%          3    None


Dungeon Overview and Level Annotations

Branches:
Dungeon (7/15)
 Temple: D:4-7

Altars:
Cheibriados
Elyvilon
Hepliaklqana
Makhleb
Nemelex Xobeh
Okawaru
Qazlal
Sif Muna
Trog
Wu Jian
Xom
Zin

Shops:
D:6 [

Annotations:
D:3 Mirai's ghost, amateur KoEn
D:5 glosham's ghost, novice BaWr


Innate Abilities, Weirdness & Mutations

You cannot wear most types of armour.
You are very stealthy in the water. (Stealth+)
You are amphibious.
You can wear up to eight rings at the same time.
You can use your tentacles to constrict eight enemies at once.
Your skin changes colour to match your surroundings (Stealth+).
Your rubbery body absorbs attacks. (AC +1, EV +1)


Message History

The magic dart hits you!
Casting: Vampiric Draining
Confirm with . or Enter, or press ? or * to list all spells.
Aiming: Vampiric Draining
Press: ? - help, Shift-Dir - straight line, f - orc
Aim: an orc, wielding an enchanted dagger and wearing a ring mail You kill the orc!
You feel life coursing into your body.
The orc warrior hits you from afar with a glaive!
* * * LOW HITPOINT WARNING * * *
The orc warrior completely misses you.
Casting: Vampiric Draining
Confirm with . or Enter, or press ? or * to list all spells.
Aiming: Vampiric Draining
Press: ? - help, Shift-Dir - straight line, f - orc
Aim: an orc, wielding a falchion and wearing a glowing chain mail You kill the orc!
You feel life coursing into your body.
The orc warrior hits you from afar with a glaive!!
You die...

#############
###...........# ##
###.............####..
#...............#.....
#......................
..##.................#####.
#(...........@o......#...#.
#...........)......_#...#_
##............o.....#A..#.
#..................#####.
##.......................
##......................
###..................#
##...........#.....#
#................##


You could see an orc warrior and an orc wizard.

Vanquished Creatures
  2 ogres
  A centaur (D:6)
  2 scorpions (D:4)
  A crimson imp (D:5)
  A centaur zombie (D:5)
  2 bullfrog skeletons
  2 hounds (D:7)
  An orc priest (D:4)
  Jessica (D:3)
  4 iguanas
  An orc wizard (D:5)
  4 worker ants
  2 gnolls (D:4)
  3 adders
  A shadow imp (D:6)
  2 oozes
  An adder skeleton (D:5)
  A worm (D:2)
  2 dart slugs
  12 orcs
  3 ball pythons
  2 giant cockroaches
  12 goblins
  2 hobgoblins
  5 jackals
  5 quokkas
  7 bats
  5 frilled lizards
  A jackal skeleton (D:4)
  6 kobolds
  A leopard gecko skeleton (D:4)
  A leopard gecko zombie (D:5)
  14 rats
110 creatures vanquished.

Vanquished Creatures (collateral kills)
  A black bear (D:6)
  An ice beast (D:5)
  A centaur (D:5)
  A bullfrog (D:6)
4 creatures vanquished.

Grand Total: 114 creatures vanquished

Notes
Turn   | Place    | Note
-------+----------+-------------------------------------------
     0 | D:1      | inc the Octopode Wizard began the quest for the Orb.
     0 | D:1      | Reached XP level 1. HP: 11/11 MP: 4/4
    85 | D:1      | Reached XP level 2. HP: 5/17 MP: 0/6
   936 | D:1      | Reached XP level 3. HP: 21/21 MP: 1/7
  1269 | D:2      | Found a stormy altar of Qazlal.
  1278 | D:2      | Learned a level 2 spell: Blink
  1859 | D:2      | Reached XP level 4. HP: 27/27 MP: 4/8
  2550 | D:3      | Noticed Mirai's ghost (amateur KoEn)
  2581 | D:3      | Found a sparkling altar of Nemelex Xobeh.
  2581 | D:3      | Noticed Jessica
  2833 | D:4      | Reached XP level 5. HP: 24/31 MP: 7/9
  2840 | D:4      | Reached skill level 5 in Conjurations
  3363 | D:4      | Reached XP level 6. HP: 9/36 MP: 10/10
  3585 | D:4      | Learned a level 2 spell: Call Imp
  3984 | D:3      | Killed Jessica
  4695 | D:5      | Entered Level 5 of the Dungeon
  4795 | D:5      | Reached skill level 4 in Spellcasting
  4867 | D:5      | Found a white marble altar of Elyvilon.
  5259 | D:5      | Reached XP level 7. HP: 41/41 MP: 13/13
  5271 | D:5      | Found an ornate altar of the Wu Jian Council.
  5273 | D:5      | Found a hazy altar of Hepliaklqana.
  5318 | D:5      | Found a burning altar of Makhleb.
  5326 | D:5      | Found a deep blue altar of Sif Muna.
  5387 | D:5      | Reached skill level 5 in Spellcasting
  5836 | D:5      | Noticed glosham's ghost (novice BaWr)
  5971 | D:6      | Found Kainooph's Antique Armour Shop.
  6479 | D:5      | Reached skill level 6 in Spellcasting
  6483 | D:5      | Found a bloodstained altar of Trog.
  7060 | D:6      | Reached XP level 8. HP: 9/46 MP: 15/18
  7301 | D:6      | Learned a level 3 spell: Vampiric Draining
  7494 | D:6      | Found a snail-covered altar of Cheibriados.
  7698 | D:6      | Found a sparkling altar of Nemelex Xobeh.
  7699 | D:6      | Found an iron altar of Okawaru.
  7939 | D:7      | Found a shimmering altar of Xom.
  7942 | D:7      | Noticed an angel
  7952 | D:7      | Found a glowing silver altar of Zin.
  7960 | D:7      | Mangled by an orc warrior

Skill      XL: |  1  2  3  4  5  6  7  8 |
---------------+-------------------------+-----
Conjurations   | 2 3 4 5 |  5.9
Spellcasting   | 4 6 |  6.9
Necromancy     | 3 |  3.2
Dodging        | |  2.0
Stealth        | |  2.6
Summonings     | |  1.0
Translocations | |  1.0

Action                   |  1- 3 |  4- 6 |  7- 9 || total
-------------------------+-------+-------+-------++-------
Melee: Unarmed           |    23 |       |       ||    23
       Constrict         |     2 |     1 |     3 ||     6
       Tentacles         |     1 |     1 |     3 ||     5
       Rapier            |       |     3 |    17 ||    20
 Cast: Magic Dart        |    75 |   139 |   120 ||   334
       Blink             |       |     3 |     1 ||     4
       Call Imp          |       |     8 |    16 ||    24
       Vampiric Draining |       |       |     4 ||     4
  Use: Scroll            |     2 |     1 |     2 ||     5
 Stab: Sleeping          |       |     3 |     4 ||     7
  Eat: Chunk             |     2 |    10 |     6 ||    18
       Ration            |       |       |     1 ||     1
Armor: Skin              |     1 |     2 |     7 ||    10
Dodge: Dodged            |    20 |    25 |    50 ||    95
